 Dungeon Crawl Stone Soup version 0.15-a0-23-gfd8676b (webtiles) character file.

156414 KaKa the Infuser (level 18, -1/107 HPs)
             Began as a Kobold Conjurer on Mar 30, 2014.
             Was the Champion of Vehumet.
             Slain by a wolf spider (21 damage)
             ... on Level 3 of the Spider Nest on Mar 31, 2014.
             The game lasted 08:04:31 (59772 turns).

KaKa the Infuser (Kobold Conjurer)                 Turns: 59772, Time: 08:04:31

HP  -1/107       AC 11     Str 12      XL: 18   Next: 24%
MP  16/37        EV 19     Int 19      God: Vehumet [******]
Gold 2362        SH 15     Dex 16      Spells: 12 memorised,  3 levels left

rFire  . . .     SeeInvis .     a - +7,+10 cutlass "Gufoe" {flame, Str+3}
rCold  . . .     Clarity  +     I - +2 leather armour {MR+}
rNeg   . . .     Conserve .     u - +2 buckler {reflect}
rPois  +         rCorr    .     n - +0 helmet
rElec  .         rRot     .     y - +2 cloak {+Inv}
SustAb . .       Spirit   .     x - +0 pair of gloves
rMut   .         Warding  .     S - +0 pair of boots
Saprov + + .     Stasis   .     Y - amulet of clarity
MR     ++...                    M - ring of poison resistance
                                c - +6,+5 ring of slaying

@: very slightly contaminated, hasted, very quick, very resistant to hostile
enchantments, fairly stealthy
A: disease resistance, fangs 1, carnivore 3, saprovore 2
a: Renounce Religion, Evoke Invisibility


You were on level 3 of the Spider Nest.
You worshipped Vehumet.
Vehumet was exalted by your worship.
You were very full.

You visited 6 branches of the dungeon, and saw 33 of its levels.
You also visited: Labyrinth and Ice Cave.

You collected 4142 gold pieces.
You spent 1780 gold pieces at shops.

Inventory:

Hand weapons
 a - the +7,+10 cutlass "Gufoe" (weapon) {flame, Str+3}
   (You found it on level 2 of the Lair of Beasts)

   It emits flame when wielded, causing extra injury to most foes and up to
   double damage against particularly susceptible opponents.
   Big, fiery blades are also staple armaments of hydra-hunters.
   It affects your strength (+3).
 b - a +2 blowgun
Missiles
 N - 12 curare-tipped needles
Armour
 n - a +0 helmet (worn)
 u - a +2 buckler of reflection (worn)
 v - a +0 leather armour of cold resistance
 x - a +0 pair of gloves (worn)
 y - a +2 cloak of darkness (worn)
 I - a +2 leather armour of magic resistance (worn)
 S - a +0 pair of boots (worn)
Magical devices
 r - a wand of draining (6)
 w - a wand of disintegration (6)
 z - a wand of flame (14)
 F - a wand of frost (3)
 J - a wand of cold (3)
 P - a wand of digging (5)
Comestibles
 g - a royal jelly
 i - 8 meat rations
 Z - a chunk of tarantella flesh
Scrolls
 e - a scroll of enchant armour
 j - 4 scrolls of fear
 m - 2 scrolls of remove curse
 s - 2 scrolls of recharging
 B - 2 scrolls of blinking
 C - 3 scrolls of identify
 D - 3 scrolls of teleportation
 G - 3 scrolls of fog
 O - a scroll of silence
 V - a scroll of enchant weapon I
 X - 2 scrolls of vulnerability
Jewellery
 c - a +6,+5 ring of slaying (left hand)
 d - an uncursed amulet of conservation
 E - an uncursed ring of protection from fire
 H - an uncursed ring of positive energy
 M - a ring of poison resistance (right hand)
 T - an uncursed ring of fire
 U - an uncursed ring of see invisible
 Y - an amulet of clarity (around neck)
Potions
 h - a potion of magic
 k - 2 potions of restore abilities
 p - a potion of might
 q - 4 potions of curing
 t - a potion of flight
 A - 2 potions of resistance
 Q - 3 potions of agility
 R - a potion of brilliance
 W - a potion of berserk rage
Books
 L - Roxanne's Almanac of Changing and Clay
   (You took it off Roxanne on level 1 of the Spider Nest)

   Spells                             Type                      Level
   Beastly Appendage                  Transmutation                1
   Passwall                           Transmutation/Earth          3
   Alistair's Intoxication            Transmutation/Poison         4
   Ignite Poison                      Fire/Transmutation           5
   Statue Form                        Transmutation/Earth          6
Magical staves
 l - an uncursed staff of energy
Miscellaneous
 f - a fan of gales
 o - a plain deck of wonders
 K - a phial of floods


   Skills:
 - Level 10.1 Fighting
 - Level 13.0 Short Blades
 - Level 10.0 Dodging
 - Level 2.6 Stealth
 - Level 5.1 Shields
 + Level 12.6 Spellcasting
 - Level 10.5 Conjurations
 - Level 14.0 Charms
 - Level 4.1 Translocations
 - Level 10.8 Earth Magic


You had 3 spell levels left.
You knew the following spells:

 Your Spells              Type           Power        Failure   Level  Hunger
a - Magic Dart            Conj           ####         1%          1    None
b - Iron Shot             Conj/Erth      ######....   4%          6    ######.
c - Iskenderun's Battles  Conj/Chrm      ######..     1%          5    ###....
d - Haste                 Chrm           ######..     2%          6    ######.
e - Summon Butterflies    Summ           ##......     8%          1    None
f - Iskenderun's Mystic   Conj           ######..     1%          4    #......
g - Fulminant Prism       Conj/Hex       ####......   2%          4    #......
h - Blink                 Tloc           N/A          1%          2    None
i - Apportation           Tloc           ####......   1%          1    None
r - Regeneration          Chrm/Necr      #####.....   1%          3    None
s - Sting                 Conj/Pois      ####         1%          1    None
w - Lee's Rapid Deconstr  Erth           ######....   1%          5    ###....


Dungeon Overview and Level Annotations

Branches:
Dungeon (15/15)            Temple (1/1) D:5             Orc (4/4) D:10
    Elf (2/3) Orc:3          Lair (8/8) D:10         Shoals (0/5) Lair:6
 Spider (3/5) Lair:5        Slime (0/6) Lair:8       Vaults (0/5) D:14
 Depths (0/5) D:15

Altars:
Ashenzari
Cheibriados
Dithmenos
Elyvilon
Fedhas
Kikubaaqudgha
Makhleb
Nemelex Xobeh
Okawaru
Sif Muna
Trog
Vehumet
Xom
Yredelemnul
Zin
The Shining One
Beogh

Shops:
D:8 }:(   D:15 =   Orc:2 (*!   Orc:4 (:[*   Elf:1 =

Annotations:
D:4 Menkaure
Elf:1 Asterion


Innate Abilities, Weirdness & Mutations

You recuperate from illness quickly.
You are small and have problems with some larger weapons.
You are carnivorous and can eat meat at any time.
You can eat rotten meat.
You have very sharp teeth.


Message History

The boring beetle bites you but does no damage.
You block the wolf spider's attack. x2
You see here a tarantella corpse.
The wolf spider hits your butterfly!
Your butterfly dies!
Your skin is crawling a little less now.
Your butterfly is caught in a web!
Your butterfly tears the web.
Your butterfly disappears in a puff of smoke!
Your skin stops crawling.
Casting: Haste
Confirm with . or Enter, or press ? or * to list all spells.
Aiming: Iron Shot
Press: ? - help, Shift-Dir - straight line, f - wolf spider
Aim: a wolf spider The iron shot hits the wolf spider.
The wolf spider is heavily wounded.
You block the wolf spider's attack. The wolf spider misses you.
The wolf spider hits you!
You die...

.. ... ..##..#.
...#≈##≈#
..#≈≈≈≈###
#########..;≈≈≈≈≈#
...#.b%§...#...≈≈##
....%B.........#.^#
..................#
.............s.s@.#
.....#.......s...##
.....#....###...##
##.(^#......#####
≈#^.#^.....
..###≈#..... ..
.###... <. .^ #.. .
.


You could see 2 wolf spiders, a giant goldfish and a redback.

Vanquished Creatures
  Roxanne (Spider:1)
  An orc warlord (Orc:4)
  Louise (Spider:2)
  Azrael (Spider:1)
  A deep elf annihilator (Elf:1)
  Snorg (Elf:1)
  A minotaur (Lab)
  Josephine (Spider:1)
  Harold (Lair:7)
  Nessos (Orc:3)
  2 dancing weapons (D:14)
  5 hydras
  4 tengu warriors
  7 death yaks
  5 orc high priests (Orc:4)
  Nergalle (Orc:3)
  9 deep elf knights
  6 centaur warriors
  A catoblepas (Lair:4)
  2 skeletal warriors (D:15)
  A fire crab (Lair:5)
  A flayed ghost (D:15)
  3 unseen horrors
  3 ice statues (IceCv)
  3 orb spiders (Spider:1)
  A necromancer (D:15)
  7 deep elf summoners
  10 deep elf conjurers
  A wizard (D:15)
  A sphinx zombie (D:15)
  8 hill giants
  3 manticores
  3 wolf spiders
  3 orc knights (Orc:4)
  4 orc sorcerers
  A griffon (Lair:8)
  2 cyclopes
  5 black mambas
  Maurice (D:13)
  24 spiny frogs
  15 elephants
  A black mamba (shapeshifter) (Elf:2)
  Psyche (Orc:3)
  An emperor scorpion zombie (Spider:1)
  2 tengu conjurers (D:14)
  2 kobold demonologists
  A centaur zombie (D:15)
  6 demonic crawlers (Spider:1)
  4 wandering mushrooms (Lab)
  7 jumping spiders
  A merfolk (Lair:6)
  3 fire drakes
  4 red devils (D:12)
  8 deep elf priests
  4 komodo dragons
  A minotaur zombie (D:15)
  A wolf spider simulacrum (Spider:1)
  Sonja (D:14)
  2 freezing wraiths (D:14)
  5 giant leeches (Lair:8)
  A harpy skeleton (D:13)
  A small abomination (Elf:2)
  31 blink frogs
  A trapdoor spider zombie (Spider:1)
  A fire dragon zombie (D:15)
  10 trapdoor spiders
  An ettin zombie (D:15)
  9 ravens
  6 slime creatures (D:13)
  3 basilisks
  5 trolls
  A shadow (D:11)
  3 wyverns
  5 wraiths
  10 sharks
  2 elephant slugs
  10 tarantellas
  59 yaks
  24 ugly things
  5 fire elementals
  23 deep elf magi
  17 redbacks
  2 steam dragons
  The ghost of 4tharraofdagon the Poker, an average MfGl of the Shining One (D:7)
  21 deep elf fighters
  2 hungry ghosts
  9 hippogriffs
  4 wargs
  A soldier ant (D:14)
  10 vampire mosquitoes
  A mottled dragon (D:12)
  21 wolves
  22 water moccasins
  A tengu skeleton (D:12)
  A tarantella simulacrum (Spider:1)
  25 ice beasts
  A jumping spider simulacrum (Spider:1)
  8 porcupines
  3 sky beasts
  3 hell hounds
  16 spiders
  A black bear (D:13)
  9 ogres
  3 phantoms
  35 orc warriors
  6 giant goldfish
  18 centaurs
  A boring beetle (Lair:8)
  The ghost of cedor the Cutter, an average HaAK of Lugonu (D:3)
  19 crocodiles
  Sigmund (D:7)
  11 giant slugs
  A big kobold (D:6)
  Blork the orc (D:3)
  35 giant frogs
  4 spider zombies (Spider:1)
  A yaktaur skeleton (Spider:1)
  A tengu zombie (D:15)
  4 eyes of draining
  2 scorpions
  16 killer bees
  4 wights (D:13)
  7 electric eels
  2 pulsating lumps (Lair:8)
  4 goliath beetles
  7 crimson imps
  A quasit (D:9)
  4 big fish
  A gnoll shaman (D:7)
  26 orc priests
  15 hounds
  9 iguanas
  2 jellies
  2 basilisk skeletons (D:15)
  35 orc wizards
  A centaur skeleton (D:7)
  8 orange rats
  11 worker ants
  18 sheep
  A killer bee zombie (D:5)
  Ijyb (D:7)
  A mottled dragon skeleton (Spider:1)
  A hound zombie (D:7)
  3 mummies
  A worker ant zombie (D:10)
  7 gnolls
  29 green rats
  23 adders
  A shadow imp (D:8)
  5 giant mites
  12 white imps (Lair:2)
  11 worms
  An adder zombie (D:5)
  An iguana skeleton (D:10)
  2 orc skeletons
  2 giant eyeballs
  3 oozes
  161 orcs
  5 ball pythons
  19 bats
  A bat skeleton (D:7)
  23 goblins
  17 hobgoblins
  18 jackals
  20 kobolds
  8 giant cockroaches
  9 giant geckos
  5 giant newts
  5 giant spores
  A hobgoblin skeleton (D:7)
  A jackal skeleton (D:4)
  A kobold skeleton (D:6)
  2 orc zombies
  17 quokkas
  A quokka skeleton (D:7)
  22 rats
  6 ballistomycetes
  3 butterflies
  3 fungi
  A plant (Orc:2)
1368 creatures vanquished.

Vanquished Creatures (others)
  A fire elemental (Lair:4)
  An orc wizard (Orc:4)
  23 fulminant prisms (Spider:1)
  An orc (Orc:3)
  A ballistomycete (D:15)
  3 bushes (Lair:8)
  38 butterflies
  15 fungi
  29 plants
112 creatures vanquished.

Grand Total: 1480 creatures vanquished

Notes
Turn   | Place    | Note
--------------------------------------------------------------
     0 | D:1      | KaKa, the Kobold Conjurer, began the quest for the Orb.
     0 | D:1      | Reached XP level 1. HP: 10/10 MP: 3/3
   366 | D:1      | Reached XP level 2. HP: 9/15 MP: 0/4
   897 | D:1      | Reached skill level 4 in Conjurations
   897 | D:1      | Reached XP level 3. HP: 19/19 MP: 1/6
  1059 | D:1      | Learned a level 2 spell: Searing Ray
  1453 | D:2      | Reached XP level 4. HP: 24/24 MP: 1/8
  1899 | D:2      | Found a snail-covered altar of Cheibriados.
  2232 | D:2      | Reached XP level 5. HP: 28/28 MP: 7/11
  2560 | D:3      | Noticed cedor's ghost (average HaAK)
  2567 | D:3      | Killed cedor's ghost
  2567 | D:3      | Reached skill level 5 in Conjurations
  2567 | D:3      | Reached XP level 6. HP: 32/32 MP: 3/15
  3244 | D:3      | Noticed Blork the orc
  3261 | D:3      | Killed Blork the orc
  3345 | D:3      | Found a deep blue altar of Sif Muna.
  3603 | D:4      | Noticed Menkaure
  3674 | D:4      | Reached XP level 7. HP: 36/36 MP: 6/18
  3792 | D:4      | Reached skill level 5 in Spellcasting
  3839 | D:4      | Learned a level 3 spell: Dazzling Spray
  3849 | D:4      | Reached skill level 6 in Conjurations
  4371 | D:5      | Entered Level 5 of the Dungeon
  4477 | D:5      | Found a staircase to the Ecumenical Temple.
  4481 | D:5      | Paralysed by a giant eyeball for 3 turns
  4533 | Temple   | Entered the Ecumenical Temple
  4738 | Temple   | Became a worshipper of Vehumet
  5270 | D:5      | Reached XP level 8. HP: 37/41 MP: 12/20
  5577 | D:5      | Found a basalt altar of Yredelemnul.
  5581 | D:5      | Found a glowing golden altar of the Shining One.
  5591 | D:5      | Found a shimmering altar of Xom.
  6023 | D:6      | Reached skill level 7 in Conjurations
  6221 | D:6      | Acquired Vehumet's first power
  6221 | D:6      | Offered knowledge of Shock by Vehumet.
  6225 | D:6      | Learned a level 1 spell: Shock
  6260 | D:6      | Learned a level 5 spell: Iskenderun's Battlesphere
  6265 | D:6      | Learned a level 4 spell: Iskenderun's Mystic Blast
  6508 | D:6      | Noticed a hill giant
  6934 | D:6      | Reached XP level 9. HP: 45/45 MP: 16/24
  7049 | D:6      | Reached skill level 8 in Conjurations
  7250 | D:6      | Noticed a hill giant
  7513 | D:7      | Found a bloodstained altar of Trog.
  7623 | D:7      | Noticed Ijyb
  7641 | D:7      | Killed Ijyb
  8010 | D:7      | Offered knowledge of Sting by Vehumet.
  8039 | D:7      | Learned a level 1 spell: Sting
  8050 | D:7      | Reached skill level 1 in Charms
  8083 | D:7      | Noticed 4tharraofdagon's ghost (average MfGl)
  8126 | D:7      | Killed 4tharraofdagon's ghost
  8312 | D:7      | Noticed Sigmund
  8324 | D:7      | Killed Sigmund
  8592 | D:7      | Found a burning altar of Makhleb.
  8815 | D:8      | Found Croxyorgh's Book Shop.
  8944 | D:8      | Reached XP level 10. HP: 46/50 MP: 22/25
  9013 | D:8      | Offered knowledge of Stone Arrow by Vehumet.
  9019 | D:8      | Learned a level 3 spell: Stone Arrow
  9134 | D:8      | Found Pnasirie's Antique Weapon Shoppe.
  9391 | D:8      | Found a shattered altar of Ashenzari.
  9430 | D:8      | Found Twobah's Gadget Boutique.
  9738 | D:8      | Reached skill level 5 in Charms
 10117 | D:9      | Acquired Vehumet's second power
 10346 | D:10     | Entered Level 10 of the Dungeon
 10346 | D:10     | Noticed a hill giant
 10828 | D:9      | Reached skill level 9 in Conjurations
 11066 | D:9      | Offered knowledge of Static Discharge by Vehumet.
 11200 | D:10     | Killed a hill giant
 11354 | D:10     | Learned a level 2 spell: Blink
 11356 | D:10     | Learned a level 1 spell: Apportation
 11364 | D:10     | Reached skill level 1 in Translocations
 11452 | D:10     | Identified the Handbook of the Birds (You found it on level 10 of the Dungeon)
 11454 | D:10     | Found a staircase to the Orcish Mines.
 11464 | D:10     | Noticed a hill giant
 11474 | D:10     | Killed a hill giant
 11703 | D:10     | Reached skill level 1 in Fighting
 11794 | D:10     | Noticed a hill giant
 11811 | D:10     | Killed a hill giant
 11811 | D:10     | Acquired Vehumet's third power
 11811 | D:10     | Reached XP level 11. HP: 56/59 MP: 13/28
 11901 | D:10     | Found a staircase to the Lair.
 11978 | D:10     | Reached skill level 5 in Dodging
 12196 | D:10     | Offered knowledge of Airstrike by Vehumet.
 12203 | Lair:1   | Entered Level 1 of the Lair of Beasts
 12303 | D:10     | Reached skill level 5 in Fighting
 12867 | Lair:1   | Learned a level 1 spell: Summon Butterflies
 12900 | Lair:1   | Reached skill level 1 in Shields
 14168 | Lair:2   | Reached skill level 5 in Shields
 14461 | Lair:2   | Learned a level 3 spell: Regeneration
 14595 | Lair:2   | Reached XP level 12. HP: 57/68 MP: 15/29
 14717 | Lair:2   | Found a frozen archway.
 14731 | Lair:2   | Offered knowledge of Ignite Poison by Vehumet.
 14769 | IceCv    | Entered an ice cave
 15498 | IceCv    | Gained mutation: You have very sharp teeth. [potion of beneficial mutation]
 16412 | IceCv    | Got a steaming brass ring
 16442 | IceCv    | Identified the ring "Xomiugol" {+cTele Str+4 Dex+1} (You found it in an ice cave)
 16510 | Lair:2   | Reached skill level 10 in Conjurations
 17672 | Lair:2   | Got a fine cutlass
 17696 | Lair:2   | Identified the +7,+10 cutlass "Gufoe" {flame, Str+3} (You found it on level 2 of the Lair of Beasts)
 18792 | D:8      | Bought a book of Burglary for 975 gold pieces
 18797 | D:8      | Learned a level 2 spell: Swiftness
 19012 | Lair:4   | Noticed a seven-headed hydra
 19029 | Lair:4   | Killed a seven-headed hydra
 19217 | Lair:4   | Noticed a five-headed hydra
 19229 | Lair:4   | Killed a five-headed hydra
 19480 | Lair:4   | Noticed a catoblepas
 19491 | Lair:4   | Killed a catoblepas
 19764 | Lair:4   | Reached XP level 13. HP: 78/78 MP: 28/31
 20239 | Lair:5   | Reached skill level 10 in Spellcasting
 20470 | Lair:5   | Found a hole to the Spider Nest.
 20777 | Lair:5   | Reached skill level 10 in Dodging
 20814 | Lair:5   | Offered knowledge of Iron Shot by Vehumet.
 21955 | Lair:1   | Learned a level 6 spell: Iron Shot
 22079 | Lair:6   | Reached skill level 1 in Earth Magic
 22949 | Lair:6   | Got a twisted bow
 23169 | Lair:6   | Reached skill level 5 in Earth Magic
 24780 | Lair:6   | Reached XP level 14. HP: 84/84 MP: 3/32
 25590 | Lair:6   | Offered knowledge of Bolt of Draining by Vehumet.
 26407 | Lair:6   | Found a staircase to the Shoals.
 27222 | Lair:7   | Reached skill level 10 in Earth Magic
 27520 | Lair:7   | Identified Clouch's Disquisition on Attacks and Fire
 28159 | Lair:8   | Entered Level 8 of the Lair of Beasts
 28159 | Lair:8   | Found a staircase to the Slime Pits.
 28250 | Lair:8   | Found a snail-covered altar of Cheibriados.
 29217 | Lair:8   | Offered knowledge of Bolt of Magma by Vehumet.
 29871 | Lair:8   | Reached XP level 15. HP: 83/89 MP: 32/32
 30369 | Lair:8   | Noticed Harold
 30976 | Lair:7   | Reached skill level 1 in Short Blades
 31340 | Lair:7   | Killed Harold
 31898 | Lair:1   | Upgraded the game from 0.15-a0 to 0.15-a0-16-g55057a3
 32135 | Lair:8   | Reached skill level 10 in Charms
 32640 | Lair:8   | Reached skill level 5 in Short Blades
 34550 | D:12     | Offered knowledge of Bolt of Fire by Vehumet.
 34643 | D:12     | Reached skill level 11 in Charms
 35018 | D:12     | Found a blossoming altar of Fedhas.
 35865 | D:13     | Found a labyrinth entrance.
 35870 | Lab      | Entered a labyrinth
 37184 | D:13     | Noticed Maurice
 37187 | D:13     | Killed Maurice
 37712 | D:13     | Reached XP level 16. HP: 91/94 MP: 23/33
 37721 | D:13     | Learned a level 6 spell: Haste
 39107 | D:14     | Reached skill level 12 in Charms
 39371 | D:14     | Found a gate to the Vaults.
 39642 | D:14     | Noticed Sonja
 39645 | D:14     | Killed Sonja
 40018 | D:14     | Offered knowledge of Orb of Destruction by Vehumet.
 40439 | Orc:1    | Entered Level 1 of the Orcish Mines
 40702 | Orc:2    | Found Tiad's Antique Weapon Boutique.
 41305 | Orc:2    | Found Treeraze's Distillery.
 41317 | Orc:2    | Bought 2 potions of curing for 60 gold pieces
 41379 | Orc:2    | Found Ewoa's Assorted Antiques.
 41390 | Orc:2    | Bought a scroll of identify for 52 gold pieces
 41390 | Orc:2    | Bought an emulsified green potion for 23 gold pieces
 41390 | Orc:2    | Bought a wide hardcover book for 390 gold pieces
 41390 | Orc:2    | Bought an emerald ring for 130 gold pieces
 41480 | Orc:3    | Found a roughly hewn altar of Beogh.
 41480 | Orc:3    | Noticed Nessos
 41481 | Orc:3    | Noticed Nergalle
 41668 | Orc:3    | Killed Nessos
 41978 | Orc:3    | Noticed Psyche
 42055 | Orc:3    | Killed Psyche
 42059 | Orc:3    | Killed Nergalle
 42612 | Orc:3    | Found a staircase to the Elven Halls.
 42673 | Orc:4    | Entered Level 4 of the Orcish Mines
 42979 | Orc:4    | Offered knowledge of Poison Arrow by Vehumet.
 43278 | Orc:4    | Reached skill level 13 in Charms
 43457 | Orc:4    | Found a roughly hewn altar of Beogh.
 44864 | Orc:4    | Found Odghaul's Antique Armour Shoppe.
 44865 | Orc:4    | Found Siuthed's Antique Weapon Emporium.
 44866 | Orc:4    | Found Guapremm's General Store.
 44866 | Orc:4    | Found Doapat's Book Shoppe.
 45111 | Orc:4    | Bought a scroll of identify for 24 gold pieces
 45124 | Orc:4    | Bought a shiny buckler for 126 gold pieces
 46282 | Spider:1 | Entered Level 1 of the Spider Nest
 46570 | Spider:1 | Noticed Azrael
 47024 | Lair:5   | Offered knowledge of Lehudib's Crystal Spear by Vehumet.
 47024 | Lair:5   | Offered knowledge of Fire Storm by Vehumet.
 47024 | Lair:5   | Offered knowledge of Shatter by Vehumet.
 47261 | Lair:5   | Reached skill level 14 in Charms
 47512 | D:15     | Entered Level 15 of the Dungeon
 48779 | D:6      | Killed a hill giant
 48783 | D:6      | Killed a hill giant
 49168 | Lair:1   | Learned a level 5 spell: Lee's Rapid Deconstruction
 49347 | D:15     | Found Triafi's Jewellery Shoppe.
 49350 | D:15     | Reached XP level 17. HP: 99/99 MP: 19/34
 49370 | D:15     | Reached skill level 10 in Short Blades
 49647 | D:15     | Found a staircase to the Depths.
 51093 | Elf:1    | Entered Level 1 of the Elven Halls
 51093 | Elf:1    | Found Wuonnei's Jewellery Shoppe.
 52530 | Elf:1    | Noticed Snorg
 52568 | Elf:1    | Killed Snorg
 53187 | Elf:1    | Noticed Asterion
 54100 | Elf:2    | Reached skill level 10 in Fighting
 54449 | Elf:2    | Identified the Grimoire of Unstable Aid (You found it on level 2 of the Elven Halls)
 56429 | Spider:1 | Killed Azrael
 56719 | Spider:1 | Noticed Roxanne
 56770 | Spider:1 | Noticed Josephine
 57113 | Spider:1 | Reached XP level 18. HP: 95/107 MP: 29/36
 57314 | Lair:1   | Learned a level 4 spell: Fulminant Prism
 58163 | Spider:1 | Killed Josephine
 58575 | Spider:1 | Killed Roxanne
 58584 | Spider:1 | Identified Roxanne's Almanac of Changing and Clay (You took it off Roxanne on level 1 of the Spider Nest)
 58775 | Spider:1 | Upgraded the game from 0.15-a0-16-g55057a3 to 0.15-a0-23-gfd8676b
 59087 | Spider:2 | Noticed Louise
 59143 | Spider:2 | Killed Louise
 59772 | Spider:3 | Slain by a wolf spider

Action                   |  1- 3 |  4- 6 |  7- 9 | 10-12 | 13-15 | 16-18 || total
-------------------------+-------+-------+-------+-------+-------+-------++-------
Melee: Club              |    15 |       |       |       |       |       ||    15
       Unarmed           |     2 |       |       |       |       |       ||     2
       Hand axe          |    30 |    13 |     5 |       |       |       ||    48
       Short sword       |       |       |     6 |       |       |       ||     6
       Spear             |       |       |    24 |     9 |       |       ||    33
       Cutlass           |       |       |       |   138 |   518 |   853 ||  1509
       Dagger            |       |       |       |   125 |       |       ||   125
 Cast: Magic Dart        |    49 |   107 |   243 |   206 |   544 |   304 ||  1453
       Searing Ray       |     2 |    12 |    57 |    15 |       |       ||    86
       Sting             |       |       |     5 |   174 |   134 |    10 ||   323
       Iskenderun's Myst |       |       |     5 |    63 |    68 |    91 ||   227
       Dazzling Spray    |       |       |     3 |    48 |   163 |    78 ||   292
       Stone Arrow       |       |       |       |    53 |     2 |       ||    55
       Iskenderun's Batt |       |       |       |    83 |   190 |   133 ||   406
       Shock             |       |       |       |     3 |       |       ||     3
       Swiftness         |       |       |       |     3 |    25 |     2 ||    30
       Summon Butterflie |       |       |       |     1 |       |    33 ||    34
       Blink             |       |       |       |       |     9 |       ||     9
       Iron Shot         |       |       |       |       |    63 |    80 ||   143
       Apportation       |       |       |       |       |     1 |       ||     1
       Regeneration      |       |       |       |       |     3 |     8 ||    11
       Haste             |       |       |       |       |       |    23 ||    23
       Lee's Rapid Decon |       |       |       |       |       |    73 ||    73
       Fulminant Prism   |       |       |       |       |       |    23 ||    23
Evoke: Wand              |       |       |       |    20 |     7 |     6 ||    33
       Lamp of fire      |       |       |       |     1 |     1 |       ||     2
  Use: Scroll            |       |       |     4 |     7 |    36 |    12 ||    59
       Potion            |       |       |     2 |     6 |     2 |     4 ||    14
 Stab: Distracted        |       |     1 |       |       |       |     1 ||     2
       Sleeping          |       |     1 |     2 |     3 |     9 |     5 ||    20
       Invisible         |       |       |     1 |     6 |     9 |     8 ||    24
       Confused          |       |       |       |       |       |     1 ||     1
